 Dungeon Crawl Stone Soup version 0.29.1-12-g30fa7ad0bf (webtiles) character file.

Game seed: 15730228961111119757

101 hawla the Chiller (level 5, -6/38 HPs)
             Began as a Meteoran Ice Elementalist on Dec 12, 2022.
             Mangled by an orc warrior
             ... wielding a +0 trident
              (7 damage)
             ... on level 5 of the Dungeon.
             The game lasted 00:04:16 (1136 turns).

hawla the Chiller (Meteoran Ice Elementalist)       Turns: 1136, Time: 00:04:17

Health: -6/38      AC:  3    Str: 10    XL:     5   Next: 26%
Magic:  4/11       EV: 12    Int: 18    God:
Gold:   85         SH:  0    Dex: 14    Spells: 2/10 levels left

rFire   . . .      SeeInvis .   (no weapon)
rCold   . . .      Faith    .   (no shield)
rNeg    . . .      Spirit   .   a - +0 robe
rPois   .          Reflect  .   (no helmet)
rElec   .          Harm     .   (no cloak)
rCorr   .          Rampage  .   f - +0 pair of gloves
Will    .....                   (no boots)
Stlth   +.........              (no amulet)
HPRegen 0.12/turn               (no ring)
MPRegen 0.12/turn               (no ring)

@: mighty, very slightly contaminated, glowing
A: sense surroundings 1, otherworldly, glowing, explore regen
a: no special abilities


You were on level 5 of the Dungeon.
You visited 1 branch of the dungeon, and saw 5 of its levels.

You collected 127 gold pieces.
You spent 42 gold pieces at shops.

Inventory:

Armour
 a - a +0 robe (worn)
 f - a +0 pair of gloves (worn)
Jewellery
 g - a +6 ring of strength
Wands
 d - a wand of roots (6)
Scrolls
 j - a scroll of teleportation
Potions
 c - a potion of attraction
 e - 2 potions of might
 k - a potion of lignification
 l - a potion of curing {unknown}


   Skills:
 - Level 0.1 Fighting
 - Level 2.6 Dodging
 - Level 1.4 Stealth
 - Level 3.4 Spellcasting
 + Level 3.0 Conjurations
 - Level 5.3 Ice Magic


You had 2 spell levels left.
You knew the following spells:

 Your Spells              Type           Power      Damage    Failure   Level
a - Freeze                Ice            88%        1d10      1%          1
b - Frozen Ramparts       Ice            44%        1d7       5%          3
c - Hailstorm             Conj/Ice       18%        3d6       28%         4

Your spell library contained the following spells:

 Spells                   Type           Power      Damage    Failure   Level
 Ensorcelled Hibernation  Hex/Ice        24%        N/A       8%          2
 Blink                    Tloc           6%         N/A       24%         2
 Passwall                 Tmut/Erth      2%         N/A       24%         2
 Ozocubu's Armour         Ice            22%        N/A       5%          3
 Mephitic Cloud           Conj/Pois/Air  6%         N/A       30%         3
 Ignite Poison            Fire/Tmut/Pois 3%         N/A       43%         3
 Lesser Beckoning         Tloc           3%         N/A       43%         3
 Swiftness                Air            3%         N/A       43%         3
 Freezing Cloud           Conj/Ice/Air   6%         6-21      80%         5
 Manifold Assault         Tloc           3%         N/A       99%         5


Dungeon Overview and Level Annotations

Branches:
Dungeon (5/15) Zot: 1863
 Temple: D:4-7

Altars:

Shops:
D:4 :?


Innate Abilities, Weirdness & Mutations

You passively map a small area around you.
You are easily found by Zot.
You glow in the dark.
You regain HP and MP as you explore.


Message History

The orc warrior closely misses you.
The wall freezes the orc.
The wall freezes the orc warrior.
The orc warrior hits you from afar with a +0 trident.
The wall freezes the orc!
You kill the orc!
The wall freezes the orc warrior but does no damage.
The orc warrior hits you from afar with a +0 trident!
Magic courses through your body.
The wall freezes the orc warrior.
The orc warrior completely misses you.
Casting: Hailstorm (extremely dangerous; 28% risk of failure)
Confirm with . or Enter, or press ? or * to list all spells.
The spell is extremely dangerous to miscast (28% risk of failure)!
Continue anyway?
Casting: Hailstorm (extremely dangerous; 28% risk of failure)
Press: ? - help, Dir - look around, f - activate A cannonade of hail descends around you!
The hail pelts the orc warrior but does no damage.
The orc warrior is moderately wounded.
The hail pelts the orc!
You kill the orc!
The wall freezes the orc warrior.
The orc warrior barely misses you.
Your Conjurations skill increases to level 3!
Casting: Hailstorm (extremely dangerous; 28% risk of failure)
Confirm with . or Enter, or press ? or * to list all spells.
The spell is extremely dangerous to miscast (28% risk of failure)!
Continue anyway?
Casting: Hailstorm (extremely dangerous; 28% risk of failure)
Press: ? - help, Dir - look around, f - activate A cannonade of hail descends around you!
The hail pelts the orc warrior!
The orc warrior is almost dead.
The frozen ramparts melt away.
The orc warrior hits you from afar with a +0 trident!
* * * LOW HITPOINT WARNING * * *
Casting: Hailstorm (extremely dangerous; 28% risk of failure)
Confirm with . or Enter, or press ? or * to list all spells.
You don't have enough magic to cast this spell.
There are monsters nearby!
It was a potion of might.
You feel very mighty all of a sudden.
The orc warrior hits you from afar with a +0 trident!
You die...

* <#.#.#.# #.#.# ,
#.#.#.#.# #.#.# *
#.#.#.#.# #.#.### ,
#.#.#.#.####.....## , #
#.#................ ,
.., #W#..##...#....##..
###.##o#.......#.##.....
* *
#......#..#.##.......##.
, ,
,#....@..#....##..#... *
* #..........#.. ..#.##.
.......#...#.#.##.....
#.#.##.#...# ... .##.#.
# # #.#.....##. * *,
#.#..##(., ...... .#.
*###..## # , * * , , ,


You could see an orc warrior and a phantom.

Vanquished Creatures
  Ijyb (D:3)
  An iguana (D:4)
  3 adders (D:4)
  A dart slug (D:2)
  3 orcs (D:5)
  2 endoplasms (D:1)
  2 goblins (D:4)
  2 hobgoblins
  2 kobolds
  A quokka (D:1)
  2 ball pythons
20 creatures vanquished.

Notes
Turn   | Place    | Note
-------+----------+-------------------------------------------
     0 | D:1      | hawla the Meteoran Ice Elementalist began the quest for the
                  | Orb.
     0 | D:1      | Reached XP level 1. HP: 14/14 MP: 5/5
   105 | D:1      | Found a faded altar of an unknown god.
   109 | D:1      | Reached XP level 2. HP: 20/20 MP: 4/6
   261 | D:3      | Noticed Ijyb
   268 | D:3      | Killed Ijyb
   269 | D:3      | Reached skill level 5 in Ice Magic
   269 | D:3      | Reached XP level 3. HP: 11/26 MP: 2/8
   275 | D:3      | Learned a level 3 spell: Frozen Ramparts
   373 | D:4      | Reached XP level 4. HP: 33/33 MP: 5/10
   386 | D:4      | Learned a level 4 spell: Hailstorm
   567 | D:4      | Found Leibuc's Self-Improvement Boutique.
   570 | D:4      | Reached XP level 5. HP: 38/38 MP: 6/11
   594 | D:4      | Found Nischinalo's Magic Scroll Boutique.
   601 | D:4      | Bought a scroll of teleportation for 42 gold pieces
  1088 | D:5      | Entered Level 5 of the Dungeon
  1126 | D:5      | Noticed an orc warrior
  1126 | D:5      | Noticed a phantom
  1135 | D:5      | HP: 1/38 [orc warrior/+0 trident (16)]
  1136 | D:5      | Mangled by an orc warrior

Illustrated notes

Levels and vault maps discovered:
D:1:      evilmike_arrival_plus, layout_loops_ring,
          dreamdust_ecumenical_altar_grove, minmay_pentomino_r2
D:2:      layout_basic, uniq_robin, uniq_natasha
D:3:      layout_basic, uniq_ijyb
D:4:      layout_loops_ring, serial_shops, nicolae_shop_hallway_plus,
          nicolae_shop_self_help
D:5:      layout_basic, minmay_temple_entry_ruins, gammafunk_ghost_necromancy,
          minmay_misc_feat_rugged

Skill      XL: |  1  2  3  4  5 |
---------------+----------------+-----
Spellcasting   | 3 |  3.4
Ice Magic      | 5 |  5.3
Conjurations   | 2 3 |  3.0
Fighting       | |  0.1
Dodging        | |  2.6
Stealth        | |  1.4

Action                   |  1- 3 |  4- 6 || total
-------------------------+-------+-------++-------
 Cast: Freeze            |    19 |     5 ||    24
       Frozen Ramparts   |     1 |     8 ||     9
       Hailstorm         |       |     3 ||     3
  Use: Scroll            |     2 |     4 ||     6
       Potion            |       |     2 ||     2
Armor: Robe              |       |     2 ||     2
Dodge: Dodged            |     7 |     8 ||    15
